 Dungeon Crawl Stone Soup version 0.26.1 (webtiles) character file.

Game seed: 14816514781550601128

188 Gadfly the Cudgeller (level 5, 0/50 HPs)
             Began as an Ogre Gladiator on Feb 7, 2021.
             Succumbed to an adder's poison
             ... on level 3 of the Dungeon.
             The game lasted 00:04:55 (3549 turns).

Gadfly the Cudgeller (Ogre Gladiator)               Turns: 3549, Time: 00:04:56

Health: 0/50       AC:  4    Str: 19    XL:     5   Next: 67%
Magic:  6/7        EV: 10    Int:  9    God:
Gold:   177        SH:  0    Dex: 10    Spells: 4/4 levels left

rFire    + . .     SeeInvis .   t - +1 whip (vamp)
rCold    + . .     Faith    .   (no shield)
rNeg     . . .     Spirit   .   l - +0 robe
rPois    .         Reflect  .   c - +0 hat
rElec    .         Harm     .   q - +0 cloak
rCorr    .         Rampage  .   (gloves unavailable)
Will     .....                  (boots unavailable)
Stlth    +.........             (no amulet)
HPRegen  0.16/turn              i - ring of protection from cold
MPRegen  0.10/turn              h - ring of protection from fire

@: mighty, lethally poisoned (0 -> -6)
A: large, unfitting armour, tough skin 1
a: no special abilities


You were on level 3 of the Dungeon.
You visited 1 branch of the dungeon, and saw 3 of its levels.

You collected 177 gold pieces.

Inventory:

Hand Weapons
 a - a +0 flail
 b - a +1 short sword of venom
 s - a +0 dagger of flaming
 t - a +1 vampiric whip (weapon)
Missiles
 d - 3 throwing nets
 p - 156 stones (quivered)
Armour
 c - a +0 hat (worn)
 l - a +0 robe (worn)
 q - a +0 cloak (worn)
Jewellery
 h - a ring of protection from fire (right hand)
 i - a ring of protection from cold (left hand)
Scrolls
 f - a scroll of teleportation
 g - 2 scrolls of remove curse
 o - a scroll of fog
Potions
 j - 2 potions of haste
 k - a potion of flight
 m - a potion of cancellation


   Skills:
 - Level 2.6 Fighting
 + Level 3.1 Maces & Flails
 + Level 2.7 Throwing
 * Level 1.8 Armour
 - Level 2.6 Dodging
 * Level 2.7 Invocations
 * Level 1.9 Evocations


You had 4 spell levels left.
You didn't know any spells.
Your spell library was empty.

Dungeon Overview and Level Annotations

Branches:
Dungeon (3/15)

Altars:
Elyvilon
Trog


Innate Abilities, Weirdness & Mutations

You are too large for most types of armour.
You have tough skin. (AC +1)


Message History

* * * LOW HITPOINT WARNING * * *
You feel sick.
* * * LOW HITPOINT WARNING * * *
You feel sick.
* * * LOW HITPOINT WARNING * * *
You feel sick.
There is a lethal amount of poison in your body!
* * * LOW HITPOINT WARNING * * *
You feel sick.
* * * LOW HITPOINT WARNING * * *
You feel sick.
* * * LOW HITPOINT WARNING * * *
You feel sick.
You see here 27 stones.
p - 156 stones (gained 27)
* * * LOW HITPOINT WARNING * * *
You feel sick.
* * * LOW HITPOINT WARNING * * *
You feel sick.
You die...

# #.## #.# #.....#
#.#. >.#####.....#
....#...(........#
........#####.....#
###.#.....####.....###
#)#..##.......<.....
#.#..#######.#####..
#...########.# #.
######.......@....#
..........#########
#####..### #.## ...
.w.## ....? ..). ...


There were no monsters in sight!

Vanquished Creatures
  A howler monkey (D:2)
  An orc wizard (D:3)
  4 gnolls
  2 adders
  An ooze (D:1)
  A worm (D:2)
  2 dart slugs
  4 orcs
  4 giant cockroaches
  8 goblins
  4 hobgoblins
  5 kobolds
  A ball python (D:2)
  5 bats
  5 frilled lizards
  3 rats
51 creatures vanquished.

Notes
Turn   | Place    | Note
-------+----------+-------------------------------------------
     0 | D:1      | Gadfly the Ogre Gladiator began the quest for the Orb.
     0 | D:1      | Reached XP level 1. HP: 22/22 MP: 1/1
   171 | D:1      | You fall into a shaft and drop 1 floor!
   279 | D:1      | Reached XP level 2. HP: 29/29 MP: 2/2
   480 | D:1      | HP: 1/29 [gnoll/cursed -1 spear (4)]
   505 | D:2      | HP: 1/29 [frilled lizard (1)]
   794 | D:2      | Reached skill level 1 in Invocations
   948 | D:2      | Reached XP level 3. HP: 16/36 MP: 3/3
  1235 | D:2      | Reached skill level 1 in Evocations
  1433 | D:1      | Reached skill level 1 in Armour
  2017 | D:2      | Reached XP level 4. HP: 44/44 MP: 5/5
  2108 | D:2      | Reached skill level 3 in Maces & Flails
  2323 | D:2      | Found a bloodstained altar of Trog.
  2358 | D:2      | Found a white marble altar of Elyvilon.
  2814 | D:2      | Reached XP level 5. HP: 27/50 MP: 6/6
  3545 | D:3      | HP: 2/50 [poisoned by an adder]
  3549 | D:3      | Succumbed to an adder's poison

Illustrated notes

Levels and vault maps discovered:
D:1:      mainiacjoe_arrival_reflecting_pool, layout_loops_ring
D:2:      layout_loops_ring, general_overflow_altar, trog_book
D:3:      layout_rooms, nemelex_xobeh_ov_fountains_minmay

Skill      XL: |  1  2  3  4 |
---------------+-------------+-----
Invocations    | 1 2 |  2.7
Evocations     | 1 |  1.9
Armour         | 1 |  1.8
Maces & Flails | 3 |  3.1
Fighting       | |  2.6
Throwing       | |  2.7
Dodging        | |  2.6

Action                   |  1- 3 |  4- 6 || total
-------------------------+-------+-------++-------
Melee: Flail             |    27 |       ||    27
       Short sword       |    70 |    67 ||   137
       Whip              |       |    14 ||    14
  Use: Scroll            |     7 |     4 ||    11
       Potion            |     1 |     1 ||     2
 Stab: Sleeping          |     1 |       ||     1
Armor: Robe              |    29 |    17 ||    46
       Skin              |    19 |       ||    19
Dodge: Dodged            |    65 |    54 ||   119
